 Dungeon Sprint DCSS version 0.28-a0-224-g76b539d98b (webtiles) character file.

Game seed: 11172721734942080785

108 tbh1313 the Quickloader (level 4, -10/37 HPs)
             Began as a Gnoll Wanderer on Aug 22, 2021.
             Mangled by a fire elemental (12 damage)
             ... summoned by a deep elf pyromancer
             ... in the Dungeon (Sprint III: "The Ten Rune Challenge").
             The game lasted 00:01:39 (914 turns).

tbh1313 the Quickloader (Gnoll Wanderer)             Turns: 914, Time: 00:01:39

Health: -10/37     AC:  6    Str: 11    XL:     4   Next: 87%
Magic:  8/8        EV: 11    Int:  8    God:
Gold:   27         SH:  0    Dex: 16    Spells: 9/9 levels left

rFire   . . .      SeeInvis .   a - +2 dagger
rCold   . . .      Faith    .   (no shield)
rNeg    . . .      Spirit   .   c - +0 ring mail
rPois   .          Reflect  .   (no helmet)
rElec   .          Harm     .   (no cloak)
rCorr   .          Rampage  .   (no gloves)
Will    .....      NoTele   +   (no boots)
Stlth   ++........              (no amulet)
HPRegen 0.12/turn               (no ring)
MPRegen 0.11/turn               (no ring)

@: on berserk cooldown, slowed, very slow
A: fangs 1, strong nose, distributed training
a: no special abilities


You were in the Dungeon.
You visited 1 branch You collected 27 gold pieces.

Inventory:

Hand Weapons
 a - a +2 dagger (weapon)
 d - a +0 hand crossbow
Missiles
 b - a curare-tipped dart (quivered)
 e - 24 bolts
Armour
 c - a +0 ring mail (worn)
Scrolls
 k - a scroll of blinking
 m - 2 scrolls of immolation
Potions
 g - 4 potions of mutation
 h - a potion of haste
 i - 3 potions of magic
 o - 3 potions of flight


   Skills:
 + Level 4.0 Fighting
 + Level 3.0 Short Blades
 + Level 3.0 Long Blades
 + Level 3.0 Axes
 + Level 3.0 Maces & Flails
 + Level 3.0 Polearms
 + Level 3.0 Staves
 + Level 3.0 Slings
 + Level 3.0 Bows
 + Level 10.7 Crossbows
 + Level 4.0 Throwing
 + Level 5.5 Armour
 + Level 3.0 Dodging
 + Level 3.0 Stealth
 + Level 3.0 Shields
 + Level 3.0 Unarmed Combat
 + Level 3.0 Spellcasting
 + Level 2.4 Conjurations
 + Level 2.4 Hexes
 + Level 2.4 Summonings
 + Level 2.4 Necromancy
 + Level 2.4 Translocations
 + Level 2.4 Transmutations
 + Level 2.4 Fire Magic
 + Level 2.4 Ice Magic
 + Level 2.4 Air Magic
 + Level 2.4 Earth Magic
 + Level 2.4 Poison Magic
 + Level 3.3 Invocations
 + Level 4.0 Evocations


You had 9 spell levels left.
You didn't know any spells.
Your spell library was empty.

Dungeon Overview and Level Annotations

Branches:
Dungeon (1/1)

Altars:
Elyvilon
Zin
The Shining One


Innate Abilities, Weirdness & Mutations

You have very sharp teeth.
Your uncanny sense of smell can sniff out nearby items.
Your experience applies equally to all skills.


Message History

There is an open door to the Ecumenical Temple here.
You feel a strong urge to attack something.
You slam the door shut with a bang!
You are no longer berserk.
You are exhausted.
You feel yourself slow down.
You start resting.
Magic restored.
You open the door.
Found a glowing silver altar of Zin.
A deep elf pyromancer comes into view.
It is wielding a +2 long sword of holy wrath.
Found a potion of curing.
Found two altars.
There is an open door here.
The helpless deep elf pyromancer fails to defend itself.
You impale the deep elf pyromancer!!
The deep elf pyromancer is heavily wounded.
The deep elf pyromancer barely misses you.
Your ring mail prevents you from hitting the deep elf pyromancer.
The deep elf pyromancer is heavily wounded.
The deep elf pyromancer hits you with a +2 long sword of holy wrath!
The deep elf pyromancer misses you.
You hit the deep elf pyromancer.
Your bite misses the deep elf pyromancer.
The deep elf pyromancer is heavily wounded.
The deep elf pyromancer hits you with a +2 long sword of holy wrath.
You hit the deep elf pyromancer but do no damage.
The deep elf pyromancer is heavily wounded.
The deep elf pyromancer casts a spell.
You closely miss the deep elf pyromancer.
The deep elf pyromancer is heavily wounded.
The deep elf pyromancer hits you with a +2 long sword of holy wrath.
The fire elemental hits you. The fire elemental burns you!
The fire elemental hits you. The fire elemental burns you!
* * * LOW HITPOINT WARNING * * *
You feel better. The fire elemental closely misses you.
The fire elemental hits you. The fire elemental burns you!
* * * LOW HITPOINT WARNING * * *
The deep elf pyromancer barely misses you.
The fire elemental hits you. The fire elemental burns you!
You die...

▓▓▓▓▓▓▓▓ ▓▓▓ ..'....♣♣
♣.##### .!#.....♣♣
♣♣.#EE_# ∆ ###....♣.♣
♣..#e@.# ∆ ∆
..#....≈.♣♣♣♣.###'#+###+
..#...≈≈...♣..#..........
..#..≈≈≈≈.♣...+.⌠........
#'#..≈≈≈≈≈≈♣..#...######+
..#.≈≈≈≈≈≈....#.⌠.#
..#.≈≈≈≈≈.....#...#∆
..#.≈≈≈.......#+###
###...........# ∆∆


You could see a deep elf pyromancer and 2 fire elementals.

Levels and vault maps discovered:
D:        dungeon_sprint_mu [sprint_mu_entry_forest, sprint_mu_temple_rooms,
          sprint_mu_d1_horrors, sprint_mu_d2_genie, sprint_mu_d3_branching,
          sprint_mu_orc_legion, sprint_mu_elf_gauntlet, sprint_mu_hive_nellie,
          sprint_mu_lair_fedhas, sprint_mu_vaults_butterflies,
          sprint_mu_slime_circle, sprint_mu_swamp_cave, sprint_mu_shoals_archi,
          sprint_mu_blade_basic, sprint_mu_crypt_fortress,
          sprint_mu_tomb_spiral, sprint_mu_vestibule_basic,
          sprint_mu_gehenna_hellfire, sprint_mu_dis_giant,
          sprint_mu_tartarus_statrot, sprint_mu_cocytus_islands, sprint_mu_zot1]

Notes
Turn   | Place    | Note
-------+----------+-------------------------------------------
     0 | D        | Reached skill level 10 in Crossbows
     0 | D        | tbh1313 the Gnoll Wanderer began the quest for the Orb.
     0 | D        | tbh1313 set off with the following items: a +2 dagger, a
                  | curare-tipped dart, a +0 ring mail, a +0 hand crossbow, 24
                  | bolts, a potion of curing, a potion of heal wounds, a
                  | potion of haste, 2 potions of magic, a potion of berserk
                  | rage, a scroll of blinking
     0 | D        | Reached XP level 1. HP: 17/17 MP: 1/1
   426 | D        | Noticed Jessica
   427 | D        | Killed Jessica
   428 | D        | Reached skill level 1 in Short Blades
   428 | D        | Reached skill level 1 in Long Blades
   428 | D        | Reached skill level 1 in Axes
   428 | D        | Reached skill level 1 in Maces & Flails
   428 | D        | Reached skill level 1 in Polearms
   428 | D        | Reached skill level 1 in Staves
   428 | D        | Reached skill level 1 in Slings
   428 | D        | Reached skill level 1 in Bows
   428 | D        | Reached skill level 1 in Dodging
   428 | D        | Reached skill level 1 in Stealth
   428 | D        | Reached skill level 1 in Shields
   428 | D        | Reached skill level 1 in Unarmed Combat
   428 | D        | Reached skill level 1 in Spellcasting
   428 | D        | Reached skill level 1 in Conjurations
   428 | D        | Reached skill level 1 in Hexes
   428 | D        | Reached skill level 1 in Summonings
   428 | D        | Reached skill level 1 in Necromancy
   428 | D        | Reached skill level 1 in Translocations
   428 | D        | Reached skill level 1 in Transmutations
   428 | D        | Reached skill level 1 in Fire Magic
   428 | D        | Reached skill level 1 in Ice Magic
   428 | D        | Reached skill level 1 in Air Magic
   428 | D        | Reached skill level 1 in Earth Magic
   428 | D        | Reached skill level 1 in Poison Magic
   428 | D        | Reached XP level 2. HP: 24/24 MP: 1/4
   428 | D        | Reached XP level 3. HP: 29/29 MP: 1/5
   510 | D        | HP: 2/29 [human (8)]
   512 | D        | Reached skill level 5 in Armour
   882 | D        | Noticed a water elemental
   887 | D        | Killed a water elemental
   888 | D        | Reached XP level 4. HP: 37/37 MP: 6/8
   903 | D        | Found a glowing silver altar of Zin.
   907 | D        | Found a glowing golden altar of the Shining One.
   907 | D        | Found a white marble altar of Elyvilon.
   907 | D        | Noticed a deep elf pyromancer
   913 | D        | Noticed a fire elemental
   913 | D        | Noticed a fire elemental
   913 | D        | HP: 3/37 [fire elemental[a deep elf pyromancer] (11)]
   914 | D        | Mangled by a fire elemental

Table legend: (Time is in decaauts)
 A = Elapsed time spent in this place.
 B = Non-inter-level travel time spent in this place.
 C = Inter-level travel time spent in this place.
 D = Time resting spent in this place.
 E = Time spent auto-exploring this place.
 F = Levels seen in this place.
 G = Mean time per level.
                   A        B        C        D        E       F      G
               +--------+--------+--------+--------+--------+-----+--------+
         Total |    919 |    919 |      0 |    785 |     31 |   1 |  919.0 |
       Dungeon |    919 |    919 |      0 |    785 |     31 |   1 |  919.0 |
               +--------+--------+--------+--------+--------+-----+--------+

Top non-repeatable levels by time:
       D: 919 daAuts

Table legend:
 A = Kills in this place as a percentage of kills in entire the game.
 B = Kills by you in this place as a percentage of kills by you in the entire game.
 C = Kills by friends in this place as a percentage of kills by friends in the entire game.
 D = Other kills in this place as a percentage of other kills in the entire game.
 E = Experience gained in this place as a percentage of experience gained in the entire game.
 F = Experience gained in this place divided by the number of levels of this place that you have seen.
                   A       B       C       D       E      F
               +-------+-------+-------+-------+-------+----------------------
         Total | 100.0 | 100.0 |   N/A |   N/A | 100.0 | 155.0
       Dungeon | 100.0 | 100.0 |   N/A |   N/A | 100.0 | 155.0
               +-------+-------+-------+-------+-------+----------------------

Action                   |  1- 3 |  4- 6 || total
-------------------------+-------+-------++-------
Melee: Dagger            |    40 |     5 ||    45
       Bite              |     4 |       ||     4
Throw: Dart              |     1 |       ||     1
  Use: Scroll            |     3 |       ||     3
       Potion            |     2 |     1 ||     3
 Stab: Sleeping          |       |     1 ||     1
Armor: Ring mail         |     3 |     4 ||     7
Dodge: Dodged            |    16 |     4 ||    20

Vanquished Creatures
  A water elemental (D)
  Jessica (D)
  A human (D)
  A phantom (D)
  2 endoplasms (D)
6 creatures vanquished.

Vanquished Creatures (others)
  2 plants (D)
2 creatures vanquished.

Grand Total: 8 creatures vanquished
